 Dungeon Crawl Stone Soup version 0.30-a0-672-gc3a7216ad8 (console) character file.

Game seed: 6205981585992792761

4340 jejorda2 the Impaler (level 10, -2/80 HPs)
             Began as a Merfolk Berserker on Jan 18, 2023.
             Was a Priest of Trog.
             Killed from afar by an acid dragon (30 damage)
             ... with a splash of acid
             ... in a bailey.
             The game lasted 00:15:11 (6021 turns).

jejorda2 the Impaler (Merfolk Berserker)            Turns: 6021, Time: 00:15:11

Health: -2/80      AC: 12    Str: 22    XL:     10   Next: 33%
Magic:  10/10      EV: 10    Int:  6    God:    Trog [***...]
Gold:   325        SH:  0    Dex: 14    Spells: 9/9 levels left

rFire   . . .      SeeInvis .    a - +3 halberd (venom)
rCold   . . .      Faith    .    (shield currently unavailable)
rNeg    . . .      Spirit   .    B - +0 chain mail
rPois   .          Reflect  .    r - +0 helmet
rElec   .          Harm     .    (no cloak)
rCorr   .          Rampage  .    (no gloves)
Will    ++...                    v - +1 pair of boots Stlth
                                 (no amulet)
HPRegen 1.33/turn                (no ring)
MPRegen 0.12/turn                (no ring)

@: strong-willed, on berserk cooldown, regenerating, slowed, very slow
A: (nimble swimmer 2), mertail
a: Renounce Religion, Berserk, Trog's Hand


You were in a bailey.
You worshipped Trog.
Trog was most pleased with you.
You visited 1 branch of the dungeon, and saw 7 of its levels.
You also visited: Ossuary and Bailey.

You collected 444 gold pieces.
You spent 119 gold pieces at shops.

Inventory:

Hand Weapons
 a - a +3 halberd of venom (weapon)
 b - a +5 trident
 m - the +6 hand axe "Concordance" {heavy, +Blink Will+++ rCorr Str+5}
   (You found it on level 2 of the Dungeon)

   Str:       It affects your strength (+5).
   +Blink:    It lets you blink.
   rCorr:     It protects you from acid and corrosion.
   Will:      It greatly increases your willpower.
 A - a +0 glaive
Missiles
 e - 50 stones (quivered)
 l - 8 poisoned darts
 o - 6 boomerangs
Armour
 r - a +0 helmet (worn)
 v - a +1 pair of boots (worn)
 B - a +0 chain mail (worn)
Wands
 n - a wand of flame (25)
 p - a wand of iceblast (10)
 t - a wand of mindburst (14)
 z - a wand of digging (4)
Scrolls
 d - 4 scrolls of teleportation
 i - 2 scrolls of magic mapping
 k - a scroll of brand weapon
 u - a scroll of poison {unknown}
 x - 2 scrolls of silence
 y - 4 scrolls of identify
Potions
 c - a potion of might
 f - 4 potions of heal wounds
 g - a potion of flight {unknown}
 h - 3 potions of attraction
 j - 2 potions of berserk rage
 q - 2 potions of resistance
 s - 5 potions of curing
 w - a potion of haste {unknown}
 C - a potion of invisibility {unknown}
 D - 2 potions of lignification


   Skills:
 + Level 7.9 Fighting
 * Level 15.4 Polearms
 + Level 3.7 Armour
 - Level 6.0 Dodging


You had 9 spell levels left.
You didn't know any spells.
Your spell library was empty.

Dungeon Overview and Level Annotations

Branches:
Dungeon (7/15)             Temple (0/1) D:6         Ossuary (visited)
 Bailey (1/1)

Altars:
Ru
Uskayaw
Yredelemnul

Shops:
D:3 [   D:4 *

Annotations:
D:6 1 runed translucent door


Innate Abilities, Weirdness & Mutations

((You are very nimble when in or above water. (Stealth+, EV+, Speed+++)))
Your lower body shifts to a powerful aquatic tail in water.


Message History

You kill the two-headed ogre!
Trog accepts your kill.
You feel a strong urge to attack something.
You are no longer berserk.
You are exhausted.
You feel yourself slow down.
You start resting.
An ogre comes into view. It is wielding a +0 halberd.
Aiming: Throw Flame
Press: ? - help, Shift-Dir - straight line, f - ogre
Aim: an ogre, wielding a +0 halberd (wandering, hasn't noticed you, 85% to hit)
The puff of flame hits the ogre.
The ogre is moderately wounded.
The ogre shouts!
Aiming: Throw Flame
Press: ? - help, Shift-Dir - straight line, f/p - ogre
Aim: an ogre, wielding a +0 halberd (moderately wounded, 85% to hit)
The puff of flame hits the ogre!
The ogre is heavily wounded.
The ogre hits you from afar with a +0 halberd!
The ogre barely misses you.
You puncture the ogre!
The ogre is almost dead.
You closely miss the ogre.
The ogre is almost dead.
The ogre hits you with a +0 halberd!!
* * * LOW HITPOINT WARNING * * *
You hit the ogre.
You kill the ogre!
Trog accepts your kill.
You start resting.
An acid dragon comes into view.
Okay, then.
Okay, then.
Your skin crawls.
You feel strong-willed.
The acid dragon roars!
The acid dragon spits acid at you. The splash of acid hits you!!
You die...

##.......##
##.........##
#....~~~)...##
..####~###♣..##
.). ##..##
..♣♣♣ ♣#D.# #.O
#..# #. #..# #
#@.# #).# ..
#..# ..♣ ♣#..#
#..♣ ##..##
#..# ##..##
#..#♣##♣##..##
#.........##
#.......##


You could see an acid dragon (catching breath).

Vanquished Creatures
  A two-headed ogre (Bailey)
  Pikel (D:4)
  5 spriggans (Bailey)
  A steam dragon (D:6)
  Menkaure (D:4)
  A sky beast (D:6)
  4 ogres
  A centaur (D:5)
  2 phantoms
  A necrophage (D:5)
  An elf zombie (Ossuary)
  3 scorpions
  5 wights (D:6)
  6 killer bees (D:6)
  2 hounds (D:5)
  A jelly (D:4)
  6 orc priests
  3 iguanas
  3 orc wizards
  4 mummies (Ossuary)
  7 gnolls (D:5)
  2 adders
  2 shadow imps (D:6)
  A white imp (D:6)
  An ufetubus (D:5)
  2 adder zombies (Ossuary)
  2 worms
  5 dart slugs
  21 orcs
  2 ball pythons
  5 endoplasms
  3 giant cockroaches
  5 goblins
  5 hobgoblins
  13 jackals
  9 kobolds
  4 quokkas
  3 bats
  3 frilled lizards
  3 goblin zombies (Ossuary)
  A hobgoblin zombie (Ossuary)
  A jackal zombie (Ossuary)
  2 kobold zombies (Ossuary)
  An orc zombie (Ossuary)
  A rat (D:1)
  A rat zombie (Ossuary)
157 creatures vanquished.

Vanquished Creatures (collateral kills)
  An ogre (Bailey)
1 creature vanquished.

Grand Total: 158 creatures vanquished

Notes
Turn   | Place    | Note
-------+----------+-------------------------------------------
     0 | D:1      | jejorda2 the Merfolk Berserker began the quest for the Orb.
     0 | D:1      | Reached XP level 1. HP: 18/18 MP: 1/1
   205 | D:1      | Reached XP level 2. HP: 21/24 MP: 2/2
   471 | D:1      | Reached XP level 3. HP: 28/29 MP: 3/3
   545 | D:1      | Reached ** piety under Trog
   855 | D:2      | Reached skill level 5 in Polearms
   896 | D:2      | Identified the +6 hand axe "Concordance" {heavy, +Blink
                  | Will+++ rCorr Str+5}
  1411 | D:3      | Reached XP level 4. HP: 35/37 MP: 4/4
  1735 | D:3      | Found Loew's Armour Emporium.
  2085 | D:3      | Bought a +0 pair of boots for 63 gold pieces
  2085 | D:3      | Bought a +0 scale mail for 56 gold pieces
  2139 | D:4      | Noticed Menkaure
  2163 | D:4      | Killed Menkaure
  2164 | D:4      | Reached skill level 6 in Polearms
  2164 | D:4      | Reached XP level 5. HP: 15/43 MP: 5/5
  2164 | D:4      | Reached XP level 6. HP: 18/49 MP: 6/6
  2288 | D:4      | Noticed Pikel
  2305 | D:4      | Found Tuveaffi's Overcharged Wands.
  2318 | D:4      | Killed Pikel
  2319 | D:4      | Reached skill level 5 in Fighting
  2319 | D:4      | Reached skill level 8 in Polearms
  2319 | D:4      | Reached skill level 5 in Dodging
  2319 | D:4      | Reached XP level 7. HP: 56/56 MP: 7/7
  2414 | D:4      | Found a hide-covered altar of Uskayaw.
  2918 | D:4      | Reached skill level 9 in Polearms
  3195 | D:5      | Entered Level 5 of the Dungeon
  3264 | D:5      | Found a sand-covered staircase.
  3286 | D:5      | Reached XP level 8. HP: 63/64 MP: 8/8
  3289 | Ossuary  | Entered an ossuary
  3454 | Ossuary  | Reached skill level 10 in Polearms
  3577 | D:5      | Reached *** piety under Trog
  4044 | D:5      | Reached skill level 11 in Polearms
  4189 | D:5      | Found a sacrificial altar of Ru.
  4450 | D:6      | Reached skill level 12 in Polearms
  4568 | D:6      | Reached XP level 9. HP: 67/67 MP: 9/9
  4574 | D:6      | Reached skill level 13 in Polearms
  4666 | D:6      | Found a staircase to the Ecumenical Temple.
  5207 | D:6      | Found a runed translucent door.
  5210 | D:6      | Found a basalt altar of Yredelemnul.
  5225 | D:6      | Reached **** piety under Trog
  5733 | D:7      | Reached skill level 14 in Polearms
  5769 | D:7      | Found a flagged portal.
  5779 | Bailey   | Entered a bailey
  5859 | Bailey   | Reached XP level 10. HP: 43/79 MP: 10/10
  5980 | Bailey   | Reached skill level 15 in Polearms
  5982 | Bailey   | Noticed a two-headed ogre
  5995 | Bailey   | Killed a two-headed ogre
  6021 | Bailey   | Killed from afar by an acid dragon

Illustrated notes

Levels and vault maps discovered:
D:1:      dpeg_arrival_rhombus, layout_loops_cross
D:2:      layout_basic, serial_curves, eino_curves_01, eino_curves_01,
          eino_curves_04
D:3:      layout_basic, serial_shops, shop
D:4:      layout_cave_pools, mainiacjoe_overflow_alcove_1,
          minmay_misc_feat_secret_circle, nicolae_shop_overcharged_wands,
          uniq_pikel, uniq_menkaure
D:5:      layout_basic, nicolae_ru_awakened_eye, enter_ossuary_1
D:6:      layout_basic, dk_yredelemnul_ordeal, minmay_temple_entry_sparse_star,
          grunt_decor_arrowhead
D:7:      layout_loops_ring, enter_bailey_8, uniq_joseph
Bailey:   bailey_polearm_enchanted_keep_hellmonk, bailey

Skill      XL: |  1  2  3  4  5  6  7  8  9 10 |
---------------+-------------------------------+-----
Dodging        | 3 4 5 6 |  6.0
Polearms       | 5 6 8 9 12 14 15 | 15.4
Fighting       | 4 5 6 7 |  7.9
Armour         | 3 |  3.7

Action                   |  1- 3 |  4- 6 |  7- 9 | 10-12 || total
-------------------------+-------+-------+-------+-------++-------
Melee: Spear             |   102 |       |       |       ||   102
       Trident           |    15 |    61 |   252 |       ||   328
       Punch             |       |       |     1 |       ||     1
       Halberd           |       |       |   109 |    13 ||   122
       Tailslap          |       |       |       |     1 ||     1
Throw: Stone             |     4 |     1 |     1 |       ||     6
Invok: Berserk           |       |     2 |    10 |     1 ||    13
       Trog's Hand       |       |       |     2 |     1 ||     3
       Brothers in Arms  |       |       |     1 |       ||     1
Evoke: Wand              |       |       |       |     4 ||     4
  Use: Scroll            |       |       |    21 |       ||    21
       Potion            |       |       |     2 |       ||     2
 Stab: Sleeping          |       |     1 |       |       ||     1
Armor: Animal skin       |     8 |     2 |       |       ||    10
       Scale mail        |       |       |    40 |       ||    40
       Chain mail        |       |       |    26 |       ||    26
Dodge: Dodged            |    48 |    27 |   122 |     3 ||   200

Table legend: (Time is in decaauts)
 A = Elapsed time spent in this place.
 B = Non-inter-level travel time spent in this place.
 C = Inter-level travel time spent in this place.
 D = Time resting spent in this place.
 E = Time spent auto-exploring this place.
 F = Levels seen in this place.
 G = Mean time per level.
                   A        B        C        D        E       F      G
               +--------+--------+--------+--------+--------+-----+--------+
         Total |   6041 |   5731 |    310 |    760 |   3787 |   9 |  671.2 |
       Dungeon |   5601 |   5291 |    310 |    634 |   3714 |   7 |  800.1 |
       Ossuary |    194 |    194 |      0 |      0 |     48 |   1 |  194.0 |
        Bailey |    245 |    245 |      0 |    126 |     25 |   1 |  245.0 |
               +--------+--------+--------+--------+--------+-----+--------+

Top non-repeatable levels by time:
     D:6: 1337 daAuts
     D:4: 1093 daAuts
     D:5: 994 daAuts
     D:1: 783 daAuts
     D:3: 781 daAuts
     D:2: 547 daAuts
  Bailey: 245 daAuts
 Ossuary: 194 daAuts
     D:7: 64 daAuts
